 Dungeon Crawl Stone Soup version 0.18.1-50-g88ac8fd (webtiles) character file.

25 Moofe the Stinger (level 3, -3/31 HPs)
             Began as a Naga Venom Mage on Oct 17, 2016.
             Slain by Sigmund
             ... wielding a +5 scythe of venom
              (19 damage)
             ... on level 2 of the Dungeon.
             The game lasted 00:08:59 (1187 turns).

Moofe the Stinger (Naga Venom Mage)                 Turns: 1187, Time: 00:09:00

Health: -3/31      AC:  2    Str: 10    XL:     3   Next: 6%
Magic:  0/2        EV: 10    Int: 20    God:
Gold:   82         SH:  0    Dex: 12    Spells: 1 memorised, 5 levels left

rFire  . . .     SeeInvis +     g - +2 whip (antimagic)
rCold  . . .     Gourm    .     a - +0 robe
rNeg   . . .     Faith    .     (no shield)
rPois  +         Spirit   .     (no helmet)
rElec  .         Dismiss  .     (no cloak)
rCorr  .         Reflect  .     (no gloves)
SustAt .         Harm     .     (no barding)
MR     .....                    (no amulet)
Stlth  +++.......               (no ring)
                                (no ring)

@: brilliant, short of breath, very slow, not resistant to hostile enchantments,
fairly stealthy
A: see invisible, deformed body, poison resistance, slowness 2, slow metabolism
1, spit poison 2, AC +1
a: Spit Poison


You were on level 2 of the Dungeon.
You were not hungry.

You visited 1 branch of the dungeon, and saw 2 of its levels.

You collected 82 gold pieces.

Inventory:

Hand Weapons
 g - a +2 antimagic whip (weapon)
Armour
 a - a +0 robe (worn)
Potions
 j - a potion of brilliance
Books
 b - a Young Poisoner's Handbook

   Spells                             Type                      Level
   a - Sting                          Conjuration/Poison           1
   b - Cure Poison                    Poison                       2
   c - Mephitic Cloud                 Conjuration/Poison/Air       3
   d - Olgreb's Toxic Radiance        Poison                       4
   e - Venom Bolt                     Conjuration/Poison           5
Comestibles
 c - 3 bread rations
 f - 4 fruits
 h - a meat ration


   Skills:
 * Level 1.0 Fighting
 + Level 1.8 Dodging
 * Level 3.6 Stealth
 + Level 2.0 Spellcasting
 + Level 0.4 Conjurations
 * Level 5.7 Poison Magic


You had 5 spell levels left.
You knew the following spells:

 Your Spells              Type           Power        Failure   Level  Hunger
a - Sting                 Conj/Pois      ####         1%          1    #......


Dungeon Overview and Level Annotations

Branches:
Dungeon (2/15)

Altars:
Elyvilon

Annotations:
D:2 Sigmund


Innate Abilities, Weirdness & Mutations

You cannot wear boots.
Your serpentine skin is tough (AC +1).
You have supernaturally acute eyesight.
Armour fits poorly on your strangely shaped body.
Your system is resistant to poisons.
You cover ground very slowly.
You have a slow metabolism.
You can spit poison.


Message History

Press: ? - help, Shift-Dir - straight line, f/p - Sigmund
Aim: Sigmund, wielding a scythe of venom and wearing a robe (severely wounded, poisoned)
The splash of poison misses Sigmund.
You feel slightly more hungry. Sigmund closely misses you.
You have got your breath back.
Press: ? - help, Shift-Dir - straight line, f/p - Sigmund
Aim: Sigmund, wielding a scythe of venom and wearing a robe (severely wounded, poisoned)
The splash of poison misses Sigmund.
You feel slightly more hungry.
Sigmund hits you from afar with a scythe of venom!
Sigmund flickers, as though insubstantial.
Casting: Sting
Confirm with . or Enter, or press ? or * to list all spells.
Aiming: Sting
Press: ? - help, Shift-Dir - straight line, f/p - Sigmund
Aim: Sigmund, wielding a scythe of venom and wearing a robe (almost dead, poisoned)
The sting hits Sigmund.
Sigmund appears unharmed.
Sigmund is almost dead.
Sigmund hits you from afar with a scythe of venom!!
Ouch! That really hurt!
You die...

#.....# #.# #+#
#.# #.# # #.# #.#
# #.# ##.## # #.#
#######...### #@#
#............ #.#
#.###........
#@####.###.##.####
#..........##.# #
######.######.# #
#.######.# #
#........#
########.# .# ###.


You could see Sigmund.

Vanquished Creatures
  An ooze (D:1)
  2 giant geckos
  4 goblins
  A hobgoblin (D:1)
  3 jackals (D:1)
  4 bats
  A kobold (D:1)
  2 rats (D:1)
18 creatures vanquished.

Notes
Turn   | Place    | Note
--------------------------------------------------------------
     0 | D:1      | Moofe the Naga Venom Mage began the quest for the Orb.
     0 | D:1      | Reached XP level 1. HP: 15/15 MP: 3/3
   328 | D:1      | Reached XP level 2. HP: 24/24 MP: 5/5
  1030 | D:2      | Reached XP level 3. HP: 30/30 MP: 3/6
  1032 | D:2      | Reached skill level 1 in Fighting
  1083 | D:2      | Found a white marble altar of Elyvilon.
  1172 | D:2      | Noticed Sigmund
  1187 | D:2      | Slain by Sigmund

Skill      XL: |  1  2  3 |
---------------+----------+-----
Fighting       | 1 |  1.0
Dodging        | |  1.8
Stealth        | |  3.6
Spellcasting   | |  2.0
Conjurations   | |  0.4
Poison Magic   | |  5.7

Action                   || total
-------------------------++-------
Melee: Whip              ||     9
 Cast: Sting             ||    16
 Abil: Spit Poison       ||    18
  Use: Scroll            ||     4
       Potion            ||     3
  Eat: Chunk             ||     1
Dodge: Dodged            ||    12
